 Dungeon Crawl Stone Soup version 0.29-a0-234-g0dae59b3db (webtiles) character file.

Game seed: 4966537242072668089

1360 bande the Shield-Bearer (level 8, -2/49 HPs)
             Began as a Gargoyle Fighter on Mar 3, 2022.
             Killed from afar by Maggie (3 damage)
             ... with a bolt of fire
             ... on level 6 of the Dungeon.
             The game lasted 00:08:27 (7546 turns).

bande the Shield-Bearer (Gargoyle Fighter)          Turns: 7546, Time: 00:08:28

Health: -2/49      AC: 21    Str: 20    XL:     8   Next: 64%
Magic:  7/7        EV:  2    Int:  9    God:
Gold:   315        SH: 13    Dex: 11    Spells: 7/7 levels left

rFire   . . .      SeeInvis .   a - +1 war axe
rCold   . . .      Faith    .   n - +0 tower shield
rNeg    + . .      Spirit   .   r - +0 plate armour
rPois   ∞          Reflect  .   u - +2 hat
rElec   +          Harm     .   (no cloak)
rCorr   .          Rampage  .   (no gloves)
Will    +....                   f - +0 pair of boots
Stlth   ..........              (no amulet)
HPRegen 0.16/turn               q - ring of willpower
MPRegen 0.10/turn               (no ring)

@: mighty, flying, mesmerised
A: sickness immunity, AC +5, negative energy resistance 1, electricity
resistance, torment resistance 1, petrification resistance, low MP 1, screaming
1
a: no special abilities


You were on level 6 of the Dungeon.
You visited 1 branch of the dungeon, and saw 6 of its levels.
You also visited: Sewer.

You collected 315 gold pieces.

Inventory:

Hand Weapons
 a - a +1 war axe (weapon)
 p - a +0 flail
Missiles
 g - 2 throwing nets (quivered)
Armour
 b - a +0 helmet
 f - a +0 pair of boots (worn)
 n - a +0 tower shield (worn)
 r - a +0 plate armour (worn)
 u - a +2 hat (worn)
Jewellery
 q - a ring of willpower (left hand)
Wands
 e - a wand of paralysis (8)
 i - a wand of acid (2)
Scrolls
 h - a scroll of magic mapping
 w - a scroll of enchant weapon
Potions
 c - a potion of flight
 j - a potion of resistance {unknown}
 l - 2 potions of brilliance {unknown}
 m - a potion of attraction {unknown}
 o - a potion of degeneration {unknown}


   Skills:
 + Level 5.3 Fighting
 + Level 5.3 Axes
 + Level 5.5 Armour
 - Level 0.2 Stealth
 + Level 6.0 Shields
 * Level 3.9 Evocations


You had 7 spell levels left.
You didn't know any spells.
Your spell library contained the following spells:

 Spells                   Type           Power      Damage    Failure   Level
 Corpse Rot               Necr/Air       0%         N/A       100%        2
 Poisonous Vapours        Pois/Air       0%         N/A       100%        2
 Wereblood                Tmut           0%         N/A       100%        2
 Summon Hydra             Summ           0%         N/A       100%        7
 Sublimation of Blood     Necr           Unusable   N/A       N/A         2

Dungeon Overview and Level Annotations

Branches:
Dungeon (5/15)             Temple (0/1) D:5           Sewer (visited)

Altars:
Hepliaklqana
Uskayaw
Xom
The Shining One

Shops:
D:1 (

Annotations:
D:6 Maggie


Innate Abilities, Weirdness & Mutations

You are immune to sickness and miasma.
Your stone body is resilient. (AC +5)
You are immune to poison.
You resist negative energy. (rN+)
You are resistant to electric shocks. (rElec)
You are resistant to unholy torment.
You are immune to petrification.
Your magical capacity is low. (-10% MP)
You occasionally shout uncontrollably at your foes.


Message History

Space warps around you. You block Maggie's attack.
You hit Maggie but do no damage.
Maggie is lightly wounded.
Maggie casts a spell at you.
The bolt of fire hits you but does no damage.
You hit Maggie.
Maggie is lightly wounded.
You block Maggie's attack. Maggie casts a spell at you.
The bolt of fire hits you.
* * * LOW HITPOINT WARNING * * *
You hit Maggie.
Maggie is lightly wounded.
Maggie gestures wildly while chanting.
Maggie attempts to bespell you!
You are mesmerised by Maggie!
Unknown command.
You feel better. Maggie hits you but does no damage.
Space warps horribly around you!
* * * LOW HITPOINT WARNING * * *
You feel very buoyant.
You fly up into the air.
You block Maggie's attack.
You feel very mighty all of a sudden.
Maggie points at you and mumbles some strange words.
The bolt of fire hits you.
* * * LOW HITPOINT WARNING * * *
Unknown command.
You closely miss Maggie.
Maggie is lightly wounded.
Maggie hits you with a +1 long sword of distortion.
* * * LOW HITPOINT WARNING * * *
Space warps around you.
* * * LOW HITPOINT WARNING * * *
Maggie gestures wildly while chanting.
Maggie draws you further into her thrall.
You barely miss Maggie.
Maggie is lightly wounded.
Maggie gestures at you while chanting. The bolt of fire hits you.
You die...

#.....# #.....#
#.....# #.....#
#.....# #.....#
#..@..# #@#######
####.......#
#...........
#...........
#...........
##########........
#.................
####.................
#...................#


You could see Maggie (mesmerising).

Vanquished Creatures
  Pikel (D:5)
  A necrophage (D:5)
  2 scorpions
  6 killer bees (D:4)
  4 hounds (D:4)
  Jessica (D:3)
  2 iguanas
  An orc wizard (D:2)
  A mummy (D:4)
  15 adders
  2 worms
  3 dart slugs
  4 orcs
  11 ball pythons
  6 endoplasms
  2 giant cockroaches (D:1)
  4 goblins
  3 hobgoblins
  4 jackals
  4 kobolds
  3 quokkas
  2 bats
  5 frilled lizards
  2 hobgoblin zombies (D:4)
  2 kobold zombies (D:4)
  6 rats
97 creatures vanquished.

Notes
Turn   | Place    | Note
-------+----------+-------------------------------------------
     0 | D:1      | bande the Gargoyle Fighter began the quest for the Orb.
     0 | D:1      | Reached XP level 1. HP: 14/14 MP: 1/1
    20 | D:1      | Found a faded altar of an unknown god.
   114 | D:1      | Found Puuwu's Weapon Emporium.
   205 | D:1      | Reached XP level 2. HP: 6/19 MP: 2/2
  1094 | D:1      | Gained mutation: Your magical capacity is low. (-10% MP)
                  | [potion of mutation]
  1094 | D:1      | Gained mutation: You occasionally shout uncontrollably at
                  | your foes. [potion of mutation]
  1348 | D:1      | Reached XP level 3. HP: 21/23 MP: 2/2
  2780 | D:3      | Noticed a scorpion
  2792 | D:2      | Reached skill level 1 in Evocations
  2793 | D:2      | Killed a scorpion
  2794 | D:2      | Reached XP level 4. HP: 5/29 MP: 3/3
  2800 | D:2      | HP: 1/29 [adder (2)]
  3313 | D:3      | Reached XP level 5. HP: 33/33 MP: 4/4
  3504 | D:3      | Reached skill level 4 in Shields
  3760 | D:3      | Noticed Jessica
  3767 | D:3      | Killed Jessica
  4203 | D:4      | Reached XP level 6. HP: 23/38 MP: 5/5
  4786 | D:4      | Found a shimmering altar of Xom.
  4787 | D:4      | Found a hazy altar of Hepliaklqana.
  4788 | D:4      | Noticed a spectral ugly thing
  4861 | D:4      | Found a hide-covered altar of Uskayaw.
  4927 | D:4      | Found a glowing golden altar of the Shining One.
  5199 | D:5      | Entered Level 5 of the Dungeon
  5210 | D:5      | Reached XP level 7. HP: 44/44 MP: 6/6
  5215 | D:5      | Found a glowing drain.
  5261 | Sewer    | Entered a sewer
  5802 | D:5      | Noticed Pikel
  5836 | D:5      | Killed Pikel
  5837 | D:5      | Reached skill level 5 in Fighting
  5837 | D:5      | Reached skill level 5 in Axes
  5837 | D:5      | Reached skill level 5 in Armour
  5837 | D:5      | Reached skill level 5 in Shields
  5837 | D:5      | Reached XP level 8. HP: 15/49 MP: 7/7
  5850 | D:4      | HP: 2/49 [killer bee (7)]
  7473 | D:4      | Reached skill level 6 in Shields
  7519 | D:5      | You fall into a shaft and drop 1 floor!
  7534 | D:6      | Noticed Maggie
  7545 | D:6      | HP: 1/49 [Maggie/+1 long sword of distortion (5)]
  7546 | D:6      | Killed from afar by Maggie

Illustrated notes

Levels and vault maps discovered:
D:1:      lightli_molten_gateway, layout_loops_ring,
          hellmonk_ecumenical_altar_lost_god, serial_shops, shop_coins,
          minmay_cupped
D:2:      layout_basic
D:3:      layout_rooms, minmay_splitting_lines, corexii_hall_statues_x,
          uniq_jessica
D:4:      layout_basic, nicolae_overflow_crystal_walls,
          eat_drink_and_be_merry_uskayaw, regret_index_temple_of_mockery,
          minmay_mini_ossuary
D:5:      layout_rooms, minmay_temple_entry_fiery, gup_sewer_entry_glass,
          serial_curves, eino_curves_04, eino_curves_03,
          nicolae_zen_rock_garden, item_on_display_a, uniq_pikel, uniq_eustachio
D:6:      layout_basic, mainiacjoe_overflow_tiny_flanked, gammafunk_ghost_split,
          nicolae_specific_store, uniq_menkaure, uniq_maggie

Skill      XL: |  1  2  3  4  5  6  7  8 |
---------------+-------------------------+-----
Axes           | 2 3 4 5 |  5.3
Evocations     | 1 2 3 |  3.9
Armour         | 4 5 |  5.5
Fighting       | 4 5 |  5.3
Shields        | 4 5 6 |  6.0
Stealth        | |  0.2

Action                   |  1- 3 |  4- 6 |  7- 9 || total
-------------------------+-------+-------+-------++-------
Melee: War axe           |    89 |   134 |   183 ||   406
  Use: Scroll            |     3 |     2 |     9 ||    14
       Potion            |     1 |       |     5 ||     6
Armor: Scale mail        |    45 |       |       ||    45
       Chain mail        |    29 |    46 |       ||    75
       Plate armour      |       |    69 |   179 ||   248
Dodge: Dodged            |    34 |    15 |    24 ||    73
Block: Buckler           |    16 |       |       ||    16
       Tower shield      |    28 |   103 |   206 ||   337

Table legend: (Time is in decaauts)
 A = Elapsed time spent in this place.
 B = Non-inter-level travel time spent in this place.
 C = Inter-level travel time spent in this place.
 D = Time resting spent in this place.
 E = Time spent auto-exploring this place.
 F = Levels seen in this place.
 G = Mean time per level.
                   A        B        C        D        E       F      G
               +--------+--------+--------+--------+--------+-----+--------+
         Total |   7871 |   7705 |    166 |   3091 |   3319 |   7 | 1124.4 |
       Dungeon |   7274 |   7108 |    166 |   2937 |   3051 |   6 | 1212.3 |
         Sewer |    596 |    596 |      0 |    154 |    268 |   1 |  596.0 |
               +--------+--------+--------+--------+--------+-----+--------+

Top non-repeatable levels by time:
     D:4: 2765 daAuts
     D:2: 1717 daAuts
     D:1: 1660 daAuts
     D:3: 891 daAuts
   Sewer: 596 daAuts
     D:5: 209 daAuts
     D:6: 30 daAuts
